Map: Acid Plant LE

Players

LiquidTLO (TLO) - Winner!

  • Race: Zerg Zerg
  • Spawn Location: 5:00

Ziggy

  • Race: Terran Terran
  • Spawn Location: 11:00

Event: WCS Leipzig 2018

VOD

Have the link to the VOD?

Description

Time

  • Played on: Jan. 26, 2018, 10:19 a.m.
  • Length: 9:32

All games in this series

Show
View Real Time Build Order
Export as new Build Order

LiquidTLO Zerg - Winner!

Build Orders: Hatch First, Muta Ling Bane 

Get SALT Encoding   

  12  0:00  Drone  
  13  0:12  Overlord  
  13  0:16  Drone  
  14  0:31  Drone x2  
  16  0:37  Drone  
  17  0:50  Hatchery  
  17  0:54  Drone  
  17  0:57  Drone  
  18  1:04  Extractor  
  17  1:12  Spawning Pool  
  17  1:16  Drone  
  17  1:20  Drone  
  18  1:32  Drone  
  19  1:40  Overlord  
  19  1:50  Drone  
  20  2:01  Drone, Queen  
  21  2:02  Queen  
  21  2:03  Zergling x2  
  21  2:06  Metabolic Boost  
  26  2:11  Zergling x2  
  26  2:15  Drone  
  28  2:25  Drone  
  28  2:28  Overlord  
  29  2:32  Drone  
  29  2:36  Drone, Queen  
  30  2:40  Queen  
  34  2:46  Drone  
  34  2:47  Overlord  
  35  2:56  Zergling x2  
  35  2:57  Drone  
  37  3:11  Zergling x16  
  45  3:24  Extractor, Zergling x4  
  46  3:32  Overlord  
  46  3:33  Overlord  
  46  3:42  Hatchery  
  46  3:43  Overlord  
  44  3:48  Overlord  
  44  3:49  Drone  
  44  3:50  Drone x2  
  44  3:52  Drone  
  47  3:57  Drone  
  47  3:58  Drone x2  
  47  4:00  Drone  
  51  4:05  Drone  
  52  4:10  Drone  
  52  4:12  Lair  
  52  4:17  Extractor x2  
  52  4:18  Drone, Extractor  
  52  4:19  Drone  
  52  4:20  Drone  
  52  4:22  Drone  
  54  4:28  Baneling Nest, Drone  
  54  4:31  Drone  
  54  4:32  Drone  
  54  4:35  Drone  
  57  4:40  Drone  
  57  4:44  Spore Crawler x2  
  56  4:46  Drone  
  56  4:52  Spore Crawler  
  56  4:53  Drone x2, Spore Crawler  
  56  4:56  Drone  
  56  4:59  Drone  
  59  5:02  Drone  
  59  5:04  Drone  
  61  5:11  Drone  
  61  5:12  Drone  
  63  5:15  Drone, Zergling x2  
  63  5:16  Zergling x2  
  63  5:20  Baneling  
  63  5:21  Baneling  
  63  5:22  Baneling  
  63  5:24  Baneling x3  
  63  5:25  Spire  
  62  5:30  Drone  
  62  5:31  Drone  
  62  5:33  Drone  
  62  5:34  Baneling x4  
  62  5:35  Drone  
  66  5:36  Drone  
  66  5:38  Drone x2  
  66  5:39  Drone  
  70  5:44  Drone x3  
  70  5:46  Drone  
  70  5:49  Drone  
  75  5:51  Extractor  
  75  5:54  Extractor  
  75  5:55  Queen  
  75  5:57  Drone  
  75  6:00  Drone  
  75  6:03  Overlord  
  78  6:04  Drone  
  78  6:07  Drone  
  78  6:09  Overlord  
  79  6:13  Spore Crawler  
  79  6:15  Zergling x2  
  79  6:19  Overlord  
  79  6:25  Drone  
  80  6:26  Zergling x4  
  82  6:33  Queen  
  82  6:34  Overlord  
  82  6:38  Mutalisk  
  82  6:39  Mutalisk x3  
  90  6:40  Evolution Chamber  
  90  6:41  Evolution Chamber  
  90  6:43  Mutalisk  
  90  6:44  Mutalisk  
  92  6:51  Drone  
  92  6:52  Hydralisk Den  
  92  6:55  Drone  
  92  6:58  Drone  
  92  7:00  Drone  
  95  7:07  Drone  
  94  7:09  Zerg Ground Armor Level 1  
  94  7:10  Zerg Melee Weapons Level 1  
  94  7:15  Drone x2  
  96  7:16  Hatchery, Zergling x2  
  96  7:17  Centrifical Hooks  
  96  7:22  Drone  
  97  7:24  Muscular Augments  
  97  7:26  Hydralisk x2  
  99  7:30  Overlord  
  99  7:32  Overlord  
  99  7:40  Overlord  
  99  7:41  Hydralisk x2  
  103  7:47  Infestation Pit  
  103  7:51  Hydralisk x3  
  98  7:53  Zergling x4  
  98  7:55  Hydralisk  
  108  8:02  Zergling x2, Hydralisk  
  108  8:03  Hydralisk  
  113  8:08  Hydralisk  
  113  8:12  Hydralisk x3  
  119  8:22  Hydralisk x3  
  119  8:26  Hydralisk  
  127  8:28  Baneling x2  
  127  8:29  Hydralisk  
  129  8:34  Hydralisk x3  
  129  8:39  Overlord x2  
  134  8:49  Zergling x4  
  134  8:54  Overlord  
  136  8:56  Overlord x2  
  136  8:57  Overlord  
  136  8:58  Hydralisk x2  
  136  8:59  Zergling x2  
  136  9:01  Overlord  
  141  9:03  Zergling x2  
Show
View Real Time Build Order
Export as new Build Order

Ziggy Terran 

Build Orders: Gas First Reaper Expand, Liberator Opening, Reaper Expand, MMM Bio 

Get SALT Encoding   

  12  0:00  SCV  
  13  0:12  SCV  
  14  0:17  Supply Depot  
  14  0:24  SCV  
  15  0:31  Refinery  
  15  0:38  SCV  
  16  0:44  Barracks  
  16  0:50  SCV  
  17  1:02  SCV  
  18  1:15  SCV  
  19  1:31  Orbital Command, Reaper  
  20  1:45  Command Center  
  20  1:57  SCV  
  20  1:59  Factory  
  21  2:08  Barracks Reactor  
  21  2:09  Supply Depot  
  21  2:13  SCV  
  22  2:22  Refinery  
  22  2:25  SCV  
  23  2:37  SCV  
  23  2:43  Hellion  
  26  2:47  Starport, Marine x2  
  26  2:49  SCV  
  29  3:01  SCV, Orbital Command  
  29  3:05  Marine x2  
  30  3:12  Widow Mine  
  34  3:13  SCV  
  35  3:24  Medivac  
  35  3:25  SCV  
  38  3:27  Marine x2  
  40  3:42  Liberator  
  40  3:44  SCV x2  
  39  3:51  Orbital Command  
  39  3:52  Supply Depot  
  39  3:53  Hellion x2  
  41  3:56  SCV  
  41  4:09  Barracks Tech Lab  
  35  4:14  Hellion x2  
  39  4:17  SCV  
  39  4:21  SCV  
  41  4:29  SCV  
  41  4:36  Hellion x2, Supply Depot  
  43  4:40  SCV  
  43  4:41  SCV, Marine  
  43  4:42  Stimpack  
  46  4:47  Starport Reactor  
  46  4:56  Barracks  
  46  4:58  Barracks  
  46  4:59  Barracks  
  46  5:02  SCV, Barracks  
  46  5:04  SCV  
  48  5:09  Marine  
  49  5:14  SCV  
  49  5:16  SCV  
  50  5:23  Factory  
  50  5:26  SCV  
  51  5:28  SCV  
  51  5:30  Factory Tech Lab  
  51  5:33  Marine  
  50  5:36  Barracks  
  50  5:38  SCV  
  51  5:44  SCV  
  51  5:45  Barracks Reactor x2  
  51  5:49  Barracks Reactor  
  52  5:50  SCV  
  52  5:52  Supply Depot  
  52  5:56  SCV  
  54  6:00  Supply Depot, Starport Reactor  
  54  6:02  Barracks Reactor  
  54  6:09  Factory Tech Lab  
  54  6:14  SCV x2  
  54  6:15  Supply Depot  
  54  6:17  Supply Depot  
  56  6:19  Siege Tank  
  56  6:20  Marine  
  56  6:23  Marine x2  
  62  6:25  Marine  
  62  6:26  SCV  
  62  6:27  SCV  
  62  6:29  Marine x2  
  67  6:37  Siege Tank  
  70  6:43  Marine x2  
  70  6:46  Combat Shields  
  72  6:50  Marine x3  
  72  6:51  Siege Tank  
  72  6:53  Marine x2  
  80  6:57  Marine x2  
  82  7:05  Marine x2  
  82  7:08  Marine x2  
  84  7:13  Medivac, Marine  
  84  7:15  Supply Depot  
  89  7:16  Supply Depot  
  89  7:20  Marine x2  
  91  7:27  Marine  
  91  7:28  Marine x2  
  94  7:33  Engineering Bay  
  94  7:35  Marine  
  93  7:41  Marine x2  
  93  7:42  Marine  
  93  7:43  Marine  
  93  7:44  Marine  
  97  7:45  Marine  
  97  7:48  Marine x2  
  100  7:53  Marine  
  100  7:55  Siege Tank  
  104  7:59  Marine x2  
  104  8:04  Missile Turret  
  106  8:07  Marine x3  
  106  8:09  Missile Turret  
  109  8:15  Supply Depot  
  109  8:17  Supply Depot  
  109  8:19  Marine  
  110  8:37  Marine x5, Siege Tank  
  110  8:39  Medivac, Marine x3, Siege Tank  
  126  8:48  Marine  
  126  8:54  Marine x5  
  126  9:01  Supply Depot x2  
  126  9:02  Supply Depot  
Tags
 
Add a new tag
Caveats
  • Supply blocks, unpowered buildings, or Contaminate may cause inaccurate times.
  • Supply counts are checked every 10 seconds.